 Dungeon Crawl Stone Soup version 0.23.2-1-ga50397a6bc (webtiles) character file.

Game seed: 4444784857437983061

291 Gargoyl the Skirmisher (level 6, 0/52 HPs)
             Began as a Centaur Abyssal Knight on May 25, 2019.
             Was a Believer of Lugonu.
             Slain by a gnoll
             ... wielding a +0 halberd
              (8 damage)
             ... on level 4 of the Dungeon on May 26, 2019.
             The game lasted 00:05:15 (3349 turns).

Gargoyl the Skirmisher (Centaur Abyssal Knight)     Turns: 3349, Time: 00:05:17

Health: 0/52       AC: 10    Str: 12 (14) XL:     6   Next: 10%
Magic:  8/8        EV:  8    Int:  8 (11) God:    Lugonu [**....]
Gold:   211        SH:  3    Dex: 10 (11) Spells: 8/8 levels left

rFire    . . .     SeeInvis +   a - +1 hand axe
rCold    . . .     Gourm    .   g - +0 buckler {AC+3}
rNeg     . . .     Faith    .   f - +0 ring mail
rPois    .         Spirit   .   o - +0 helmet
rElec    .         Reflect  .   (no cloak)
rCorr    .         Harm     .   (no gloves)
MR       .....                  (no barding)
Stlth    ..........             (no amulet)
HPRegen  0.17/turn              d - ring of see invisible
MPRegen  0.11/turn              (no ring)

@: very quick
A: large, hooves 3, deformed body, speed 2, tough skin 3
a: Depart the Abyss, Bend Space, Renounce Religion


You were on level 4 of the Dungeon.
You worshipped Lugonu.
Lugonu was pleased with you.
You were not hungry.

You visited 1 branch of the dungeon, and saw 4 of its levels.
You visited the Abyss 1 time.

You collected 211 gold pieces.

Inventory:

Hand Weapons
 a - a +1 hand axe (weapon)
Armour
 f - a +0 ring mail (worn)
 g - a +0 buckler of protection (worn)
 o - a +0 helmet (worn)
Jewellery
 d - a ring of see invisible (left hand)
Wands
 l - a wand of acid (8)
Scrolls
 b - a scroll of enchant weapon {unknown}
 h - a scroll of identify
 i - a scroll of magic mapping {unknown}
 j - 2 scrolls of noise {unknown}
 m - a scroll of remove curse {unknown}
Miscellaneous
 e - a lightning rod (4/4)
Comestibles
 c - 6 rations


   Skills:
 + Level 4.0 Fighting
 + Level 3.6 Axes
 + Level 2.3 Throwing
 * Level 2.7 Armour
 * Level 2.2 Dodging
 - Level 1.3 Stealth
 + Level 0.1 Shields
 - Level 2.1 Unarmed Combat
 - Level 1.5 Spellcasting
 * Level 3.5 Invocations


You had 8 spell levels left.
You didn't know any spells.
Your spell library was empty.

Dungeon Overview and Level Annotations

Branches:
Dungeon (4/15)
 Temple: D:4-7

Altars:
Nemelex Xobeh

Annotations:
D:3 Sigmund


Innate Abilities, Weirdness & Mutations

You have hooves in place of feet.
Armour fits poorly on your strangely shaped body.
You cover ground very quickly.
You have extremely tough skin. (AC +3)


Message History

The gnoll shouts!
There is an open door here.
The orc priest calls down the wrath of Beogh upon you.
Beogh smites you!
There is an open door here.
You hit the orc priest.
The orc priest is moderately wounded.
The orc priest mumbles some strange prayers to Beogh against you.
Pain shoots through your body! The gnoll completely misses you.
You hit the orc priest.
The orc priest is severely wounded.
The orc priest hits you but does no damage.
The gnoll hits you from afar with a +0 halberd!
You hit the orc priest. You kick the orc priest.
The orc priest is severely wounded.
The orc priest invokes the aid of Beogh against you.
Beogh smites you!
* * * LOW HITPOINT WARNING * * *
The gnoll hits you from afar with a +0 halberd!
You die...

##....##...# #...#.##
##......##.#####.......
#..#..#..#.............
#...##...#.#####...#.##
#...##...#.........#.##
#..#..#..#########.#.##
##......## ....#...#
##....## .o$. #...#
####@####.$# #...#
+...og.'..# #...#
########..$...#.#.#.
..... #. ###+ #. #. ##.
#.. ##.


You could see an orc priest and a gnoll.

Vanquished Creatures
  A bullfrog (D:4)
  A bullfrog skeleton (D:3)
  2 worker ants (D:4)
  Robin (D:3)
  A hound skeleton (D:4)
  A howler monkey skeleton (D:4)
  3 adders
  An ooze (D:1)
  2 worms (D:2)
  A dart slug (D:1)
  3 leopard geckos
  2 giant cockroaches
  12 goblins
  9 hobgoblins
  11 jackals
  6 kobolds
  A ball python (D:4)
  4 bats
  A frilled lizard (D:2)
  5 rats
68 creatures vanquished.

Notes
Turn   | Place    | Note
-------+----------+-------------------------------------------
     0 | Abyss:1  | Gargoyl the Centaur Abyssal Knight began the quest for the
                  | Orb.
     0 | Abyss:1  | Reached XP level 1. HP: 19/19 MP: 2/2
     4 | Abyss:1  | Found a corrupted altar of Lugonu.
    44 | Abyss:1  | Found a corrupted altar of Lugonu.
   137 | Abyss:1  | Noticed a chaos spawn
   155 | Abyss:1  | Noticed a green death
   223 | Abyss:2  | Reached skill level 1 in Dodging
   223 | Abyss:2  | Reached skill level 1 in Stealth
   223 | Abyss:2  | Reached skill level 1 in Spellcasting
   223 | Abyss:2  | Reached XP level 2. HP: 27/27 MP: 2/4
   245 | Abyss:2  | Noticed a spatial vortex
   245 | Abyss:2  | Noticed a thrashing horror
   248 | D:1      | Escaped the Abyss
   391 | D:1      | Reached * piety under Lugonu
   733 | D:1      | Reached XP level 3. HP: 33/33 MP: 5/5
  1638 | D:2      | Found a sparkling altar of Nemelex Xobeh.
  1960 | D:3      | Reached XP level 4. HP: 23/40 MP: 6/6
  2278 | D:3      | Noticed Robin
  2315 | D:3      | Reached ** piety under Lugonu
  2317 | D:3      | Killed Robin
  2332 | D:3      | Reached XP level 5. HP: 38/46 MP: 7/7
  2444 | D:3      | Noticed Sigmund
  3013 | D:4      | Reached skill level 4 in Fighting
  3128 | D:4      | Reached XP level 6. HP: 38/52 MP: 8/8
  3349 | D:4      | Slain by a gnoll

Skill      XL: |  1  2  3  4  5 |
---------------+----------------+-----
Axes           | 2 3 |  3.6
Throwing       | 2 |  2.3
Armour         | 2 |  2.7
Dodging        | 1 2 |  2.2
Stealth        | 1 |  1.3
Unarmed Combat | 2 |  2.1
Spellcasting   | 1 |  1.5
Invocations    | 3 |  3.5
Fighting       | 4 |  4.0
Shields        | |  0.1

Action                   |  1- 3 |  4- 6 || total
-------------------------+-------+-------++-------
Melee: Hand axe          |   120 |   115 ||   235
       Kick              |    16 |    15 ||    31
Invok: Depart the Abyss  |     1 |       ||     1
       Bend Space        |       |     1 ||     1
  Use: Potion            |     1 |     2 ||     3
       Scroll            |     1 |       ||     1
  Eat: Chunk             |     2 |     4 ||     6
Armor: Leather armour    |    28 |       ||    28
       Ring mail         |    68 |    80 ||   148
Dodge: Dodged            |    83 |    42 ||   125
Block: Buckler           |    13 |    15 ||    28
